[Event "Titled Tuesday Blitz November 29 Late 2022"]
[White "Araujo Sanchez, Josue"]
[Black "Quesada Perez, Yuniesky"]
[WhiteFideId "6416896"]
[BlackFideId "3504409"]
[WhiteElo "2370"]
[BlackElo "2599"]
[Result "1-0"]
[Round "02"]
[TimeControl "180+1"]
[Date "2022.11.30"]
[WhiteClock "0:00:27"]
[BlackClock "0:00:02"]

1. c4 c6 2. d4 d5 3. Nc3 Nf6 4. Nf3 e6 5. e3 Nbd7 6. Qc2 Bd6 7. b3 O-O 8. Bb2 b6 9. Be2 Bb7 10. O-O Rc8 11. Rfd1 Qe7 12. e4 dxe4 13. Nxe4 Nxe4 14. Qxe4 f5 15. Qe3 c5 16. Bf1 Nf6 17. h3 Ne4 18. Bd3 Rcd8 19. Bxe4 Bxe4 20. Ne5 cxd4 21. Bxd4 Qc7 22. f4 Be7 23. Kh2 Bf6 24. Bc3 g5 25. Qg3 h6 26. h4 g4 27. Ng6 Rf7 28. Bxf6 Rxf6 29. Ne5 Rff8 30. Qe1 Kh7 31. a4 g3+ 32. Kh3 Rg8 33. Rxd8 Rxd8 34. Rd1 Rxd1 35. Qxd1 Qb7 36. Qe2 Qg7 37. h5 Qe7 38. Kxg3 Qg7+ 39. Kh2 Qe7 40. Qf2 Qd8 41. Qg3 Qf6 42. b4 Kh8 43. c5 bxc5 44. bxc5 Kh7 45. c6 1-0


[Site "https://www.chess.com"]

[Event "Titled Tuesday Blitz November 29 Late 2022"]
[White "Arkell, Keith C"]
[Black "Salem, A.R. Saleh"]
[WhiteFideId "400270"]
[BlackFideId "9301348"]
[WhiteElo "2624"]
[BlackElo "2996"]
[Result "0-1"]
[Round "02"]
[TimeControl "180+1"]
[Date "2022.11.30"]
[WhiteClock "0:00:04"]
[BlackClock "0:00:12"]

1. d4 Nf6 2. Nf3 g6 3. c4 Bg7 4. g3 O-O 5. Bg2 d6 6. O-O Nc6 7. Nc3 e5 8. dxe5 dxe5 9. Bg5 h6 10. Qxd8 Rxd8 11. Bxf6 Bxf6 12. Nd5 Kg7 13. Nxc7 Rb8 14. e4 g5 15. h3 Be7 16. Nd5 Bc5 17. Rab1 a5 18. Rfd1 Be6 19. a3 a4 20. Rd3 f5 21. Ne1 Nd4 22. b4 axb3 23. Kh2 f4 24. Nf3 Nxf3+ 25. Bxf3 Bxf2 26. gxf4 gxf4 27. Rdxb3 Rd7 28. Bg4 Kf7 29. Kg2 Bd4 30. Kf3 b6 31. a4 Ra7 32. Nxb6 Bxg4+ 33. Kxg4 Rg8+ 34. Kh5 Ra6 35. h4 Rg3 36. Nd5 Rxb3 37. Rxb3 Rxa4 38. Rb7+ Ke6 39. Nc7+ Kd6 40. Nb5+ Kc5 41. Rc7+ Kb4 42. Nd6 f3 43. Rf7 f2 44. Nb5 Bc5 45. Kxh6 Ra1 46. h5 f1=Q 47. Rxf1 Rxf1 48. Kg6 Kxc4 49. Nc7 Be3 50. Nd5 Kd4 51. Nxe3 Kxe3 0-1


[Site "https://www.chess.com"]

[Event "Titled Tuesday Blitz November 29 Late 2022"]
[White "Arngrimsson, Dagur"]
[Black "Radovanovic, Dusan"]
[WhiteFideId "2301288"]
[BlackFideId "926868"]
[WhiteElo "2286"]
[BlackElo "2341"]
[Result "0-1"]
[Round "02"]
[TimeControl "180+1"]
[Date "2022.11.30"]
[WhiteClock "0:01:05"]
[BlackClock "0:01:31"]

1. e4 c5 2. Nf3 d6 3. d4 cxd4 4. Nxd4 Nf6 5. Nc3 g6 6. Be3 Bg7 7. f3 O-O 8. Qd2 Nc6 9. Bc4 Bd7 10. O-O-O Rb8 11. Bb3 Na5 12. g4 b5 13. h4 Nc4 14. Bxc4 bxc4 15. Rdg1 Qb6 16. Nd1 c3 17. Qxc3 Rfc8 18. Qd3 Qa5 19. a3 Ba4 20. Nc3 Nd7 21. h5 Ne5 22. Qe2 Rxb2 23. hxg6 Qxc3 24. gxh7+ Kh8 25. Bh6 Bxh6+ 26. Rxh6 Bxc2 0-1


[Site "https://www.chess.com"]

[Event "Titled Tuesday Blitz November 29 Late 2022"]
[White "Atanasov, Anthony"]
[Black "Pranav, V"]
[WhiteFideId "2623897"]
[BlackFideId "25060783"]
[WhiteElo "2048"]
[BlackElo "2430"]
[Result "0-1"]
[Round "02"]
[TimeControl "180+1"]
[Date "2022.11.30"]
[WhiteClock "0:00:03"]
[BlackClock "0:01:00"]

1. d4 Nf6 2. Nf3 c5 3. d5 g6 4. Nc3 Bg7 5. e4 d6 6. h3 O-O 7. a4 a6 8. Be2 Nbd7 9. O-O Rb8 10. Bf4 Nh5 11. Be3 b5 12. axb5 axb5 13. Nxb5 Bxb2 14. Na7 Bb7 15. Rb1 Bf6 16. g4 Ng7 17. Nc6 Bxc6 18. dxc6 Ne5 19. Nxe5 Bxe5 20. f4 Bc3 21. Qd3 Ba5 22. Qd5 Rc8 23. Bf3 e6 24. Qa2 Rxc6 25. Rfd1 Qc7 26. Rb5 Bc3 27. Qb3 Bd4 28. Rb7 Bxe3+ 29. Kg2 Qc8 30. e5 d5 31. c4 d4 32. Rb1 Rc7 33. Rb8 Qd7 34. Rxf8+ Kxf8 35. Qb8+ Ne8 36. Kg3 Rc8 37. Qb6 Qe7 38. g5 h5 39. h4 d3 40. Rd1 d2 41. Be4 Qd7 42. Kf3 Qd4 43. Qb7 Rd8 44. Qb3 Bg1 45. Kg2 Qf2+ 46. Kh1 Qh2# 0-1


[Site "https://www.chess.com"]

[Event "Titled Tuesday Blitz November 29 Late 2022"]
[White "Barbot, Pierre"]
[Black "Sailer, Mike"]
[WhiteFideId "663727"]
[BlackFideId "2012901"]
[WhiteElo "2439"]
[BlackElo "2109"]
[Result "1-0"]
[Round "02"]
[TimeControl "180+1"]
[Date "2022.11.30"]
[WhiteClock "0:00:05"]
[BlackClock "0:00:02"]

1. d4 d5 2. Nf3 Bf5 3. Bf4 e6 4. e3 Nf6 5. c4 Nc6 6. Nc3 Bb4 7. cxd5 Nxd5 8. Rc1 Nxf4 9. exf4 O-O 10. Bb5 Be4 11. Bxc6 Bxc6 12. O-O Bxf3 13. Qxf3 Bxc3 14. bxc3 Qd5 15. Qe2 c5 16. Rfd1 Rfd8 17. c4 Qf5 18. dxc5 Qxc5 19. g3 Rac8 20. Rxd8+ Rxd8 21. Qe4 b6 22. Qb7 a5 23. h4 g6 24. h5 gxh5 25. Rb1 Qxc4 26. Qxb6 Rd2 27. Rb5 Qe2 28. Rg5+ Kf8 29. Qc5+ Ke8 30. Rg8+ Kd7 31. Qc8+ Kd6 32. Rd8+ Ke7 33. Qc7+ Kf6 34. Qc3+ Ke7 35. Rxd2 Qe1+ 36. Kg2 Qe4+ 37. Kh2 h4 38. Qc5+ Kf6 39. Qd4+ Qxd4 40. Rxd4 hxg3+ 41. Kxg3 1-0


[Site "https://www.chess.com"]

[Event "Titled Tuesday Blitz November 29 Late 2022"]
[White "Barria Zuniga, Daniel"]
[Black "Kollars, Dmitrij"]
[WhiteFideId "3400816"]
[BlackFideId "12909572"]
[WhiteElo "2650"]
[BlackElo "3002"]
[Result "0-1"]
[Round "02"]
[TimeControl "180+1"]
[Date "2022.11.30"]
[WhiteClock "0:00:13"]
[BlackClock "0:00:15"]

1. c4 e6 2. g3 d5 3. Bg2 Nf6 4. Nf3 d4 5. O-O c5 6. b4 cxb4 7. d3 Nc6 8. a3 b3 9. Qxb3 Nd7 10. a4 a5 11. Na3 Nc5 12. Qd1 Be7 13. Nb5 O-O 14. Ba3 e5 15. Rb1 Na6 16. Bxe7 Qxe7 17. Nd2 Bf5 18. Re1 h5 19. h4 Nc5 20. Nb3 Ne6 21. e3 dxe3 22. Rxe3 Bg4 23. Qe1 Rfd8 24. Nc3 Nb4 25. Nd5 Qd6 26. Nxa5 Nc2 27. Qc3 Nxe3 28. fxe3 e4 29. Nxb7 Qxg3 30. Nxd8 Bf3 31. Qd2 Rxd8 32. Qf2 Qg4 33. dxe4 Bxe4 34. Rf1 Kh8 35. Kh2 Bxg2 36. Qxg2 Qxh4+ 37. Qh3 Qxh3+ 38. Kxh3 Ra8 39. Nb6 Ra5 40. Rxf7 Ng5+ 41. Kh4 Nxf7 42. e4 Kh7 43. Nd5 Rxa4 44. Kxh5 Rxc4 45. Kg4 Rxe4+ 46. Kf3 Re5 47. Nf4 g5 48. Kg4 gxf4 0-1


[Site "https://www.chess.com"]

[Event "Titled Tuesday Blitz November 29 Late 2022"]
[White "Bazzano, Sebastian"]
[Black "Rubio Tent, Francisco"]
[WhiteFideId "104566"]
[BlackFideId "2238233"]
[WhiteElo "2190"]
[BlackElo "2211"]
[Result "0-1"]
[Round "02"]
[TimeControl "180+1"]
[Date "2022.11.30"]
[WhiteClock "0:00:09"]
[BlackClock "0:01:19"]

1. d4 d5 2. Bf4 Nf6 3. e3 c5 4. c3 Nc6 5. Nd2 Bf5 6. Qb3 Qc8 7. Ngf3 e6 8. h3 c4 9. Qd1 h6 10. Be2 Be7 11. O-O O-O 12. Ne5 Nxe5 13. Bxe5 Bh7 14. Re1 b5 15. Bf3 Nd7 16. Bg3 f5 17. Be2 b4 18. Nf3 a5 19. Ne5 Nxe5 20. Bxe5 Qc6 21. f4 a4 22. cxb4 Bxb4 23. Rf1 a3 24. bxa3 Rxa3 25. Rf3 Rfa8 26. Rg3 Bf8 27. Bh5 c3 28. Bg6 c2 29. Bxh7+ Kxh7 30. Qh5 Qe8 0-1


[Site "https://www.chess.com"]

[Event "Titled Tuesday Blitz November 29 Late 2022"]
[White "Besedes, Danilo"]
[Black "Bazeev, German"]
[WhiteFideId "946796"]
[BlackFideId "24119350"]
[WhiteElo "2352"]
[BlackElo "2493"]
[Result "0-1"]
[Round "02"]
[TimeControl "180+1"]
[Date "2022.11.30"]
[WhiteClock "0:00:06"]
[BlackClock "0:00:23"]

1. Nf3 Nf6 2. e3 d5 3. d4 c6 4. c4 Bf5 5. Nc3 e6 6. Nh4 Be4 7. f3 Bg6 8. Nxg6 hxg6 9. Qb3 Qc7 10. g3 Nbd7 11. Bd2 a5 12. e4 dxe4 13. Nxe4 Nxe4 14. fxe4 e5 15. d5 Bc5 16. h4 a4 17. Qf3 a3 18. b3 Bd4 19. O-O-O Nc5 20. Be3 O-O-O 21. Bxd4 exd4 22. Rxd4 Qe5 23. Bh3+ Kb8 24. Qf4 Qxf4+ 25. gxf4 Rxh4 26. e5 g5 27. b4 Rxf4 28. Rxf4 Nd3+ 29. Kc2 Nxf4 30. dxc6 bxc6 31. Bf5 Re8 32. Re1 Kc7 33. Kb3 f6 34. e6 g6 35. Bg4 f5 36. Bf3 Rxe6 37. Rxe6 Nxe6 38. Kxa3 g4 39. Bh1 f4 40. b5 f3 41. bxc6 Nf4 0-1


[Site "https://www.chess.com"]

[Event "Titled Tuesday Blitz November 29 Late 2022"]
[White "Bettalli, Francesco"]
[Black "Calcada, Lucas Galvan"]
[WhiteFideId "2816453"]
[BlackFideId "22746099"]
[WhiteElo "2216"]
[BlackElo "1523"]
[Result "1-0"]
[Round "02"]
[TimeControl "180+1"]
[Date "2022.11.30"]
[WhiteClock "0:02:50"]
[BlackClock "0:01:46"]

1. d4 Nf6 2. Nc3 d5 3. Bg5 Bf5 4. Bxf6 exf6 5. e3 Be7 6. Bd3 Bxd3 7. Qxd3 Nd7 8. Nxd5 Bd6 9. Nf3 O-O 10. c4 c6 11. Nc3 g6 12. O-O f5 13. e4 fxe4 14. Nxe4 Bc7 15. Rad1 Re8 16. Rfe1 Nf8 17. Qc3 Ne6 18. d5 cxd5 19. cxd5 Nf4 20. Nf6+ 1-0


[Site "https://www.chess.com"]

[Event "Titled Tuesday Blitz November 29 Late 2022"]
[White "Bilan, Danila"]
[Black "Curtis, John"]
[WhiteFideId "24161918"]
[BlackFideId "3200256"]
[WhiteElo "2173"]
[BlackElo "2203"]
[Result "1-0"]
[Round "02"]
[TimeControl "180+1"]
[Date "2022.11.30"]
[WhiteClock "0:00:57"]
[BlackClock "0:01:17"]

1. d4 Nf6 2. Nf3 g6 3. Bg5 Ne4 4. Bh4 d5 5. e3 Bg7 6. Nbd2 Nd6 7. c4 c6 8. Be2 Nf5 9. Bg5 h6 10. Bf4 O-O 11. O-O e6 12. Rc1 Nd7 13. h3 Nh4 14. b4 Nxf3+ 15. Nxf3 a6 16. a4 Re8 17. b5 axb5 18. axb5 g5 19. Bg3 e5 20. dxe5 Nxe5 21. Nxe5 Bxe5 22. Bxe5 Rxe5 23. bxc6 bxc6 24. cxd5 cxd5 25. Bf3 Ba6 26. Re1 Bc4 27. Qd4 Qe7 28. Rxc4 1-0


[Site "https://www.chess.com"]

[Event "Titled Tuesday Blitz November 29 Late 2022"]
[White "Bluebaum, Matthias"]
[Black "Abrahamyan, Tatev"]
[WhiteFideId "24651516"]
[BlackFideId "13301918"]
[WhiteElo "2633"]
[BlackElo "2347"]
[Result "1-0"]
[Round "02"]
[TimeControl "180+1"]
[Date "2022.11.30"]
[WhiteClock "0:01:46"]
[BlackClock "0:00:16"]

1. d4 Nf6 2. c4 e6 3. Nc3 Bb4 4. e3 O-O 5. Bd2 c5 6. a3 Bxc3 7. Bxc3 Ne4 8. Ne2 b6 9. d5 Bb7 10. f3 Nxc3 11. Nxc3 exd5 12. cxd5 d6 13. e4 a6 14. a4 Nd7 15. Be2 Re8 16. O-O Nf6 17. Bc4 Qe7 18. Qd3 Qe5 19. Rad1 Nh5 20. f4 Nxf4 21. Qf3 g5 22. g3 Nh3+ 23. Kg2 Bc8 24. Qxf7+ Kh8 25. Qf6+ Qxf6 26. Rxf6 Rd8 27. Rdf1 Kg8 28. e5 Ra7 29. e6 g4 30. Ne4 Re7 31. R1f5 Bb7 32. Rh6 Rg7 33. Nf6+ Kh8 34. Rfh5 1-0


[Site "https://www.chess.com"]

[Event "Titled Tuesday Blitz November 29 Late 2022"]
[White "Bogaudinov, Rushan"]
[Black "Bobkov, Vadim"]
[WhiteFideId "4129288"]
[BlackFideId "34110876"]
[WhiteElo "1997"]
[BlackElo "2172"]
[Result "1/2-1/2"]
[Round "02"]
[TimeControl "180+1"]
[Date "2022.11.30"]
[WhiteClock "0:00:09"]
[BlackClock "0:00:05"]

1. d4 c5 2. dxc5 e6 3. e4 Bxc5 4. Nf3 Nc6 5. Bd3 Nf6 6. O-O b6 7. a3 Bb7 8. Qe2 h6 9. b4 Nd4 10. Nxd4 Bxd4 11. c3 Be5 12. f4 Bc7 13. e5 Nd5 14. c4 Ne7 15. Nc3 d5 16. Nb5 O-O 17. Bb2 a6 18. Nxc7 Qxc7 19. Rac1 Qd7 20. c5 bxc5 21. bxc5 d4 22. Rc4 Qd5 23. Rfc1 Rfd8 24. Rxd4 Qb3 25. Rd6 Bd5 26. Qc2 Qb7 27. Bd4 Rdc8 28. Rb1 Qc7 29. Bh7+ Kf8 30. f5 exf5 31. Bxf5 Rd8 32. Rf1 Kg8 33. Bh7+ Kh8 34. Be4 Rac8 35. Bxd5 Nxd5 36. Rxd8+ Rxd8 37. Qe4 Qe7 38. c6 Qe6 39. Rc1 Rc8 40. Qc2 Rc7 41. Qc4 Ne7 42. Qxa6 Nxc6 43. Bb6 Rc8 44. Qb7 Kh7 45. a4 Ne7 46. Rxc8 Nxc8 47. Qe4+ g6 48. Be3 Qa2 49. h4 Ne7 50. Qf4 Nf5 51. g4 Qb1+ 52. Kg2 Qc2+ 53. Kf3 Qd1+ 54. Ke4 Qc2+ 55. Kf3 Qd1+ 56. Kf2 Qc2+ 57. Bd2 Ne7 58. Qxf7+ Kh8 59. Qxe7 Qxd2+ 60. Kf3 Qd3+ 61. Kf4 Qd4+ 62. Kf3 Qd3+ 63. Kf4 Qd4+ 64. Kf3 Qd3+ 1/2-1/2


[Site "https://www.chess.com"]

[Event "Titled Tuesday Blitz November 29 Late 2022"]
[White "Bordi, Kevin"]
[Black "Ezat, Mohamed"]
[WhiteFideId "621862"]
[BlackFideId "10600906"]
[WhiteElo "2832"]
[BlackElo "2386"]
[Result "0-1"]
[Round "02"]
[TimeControl "180+1"]
[Date "2022.11.30"]
[WhiteClock "0:00:26"]
[BlackClock "0:00:44"]

1. e4 e5 2. Nf3 Nc6 3. d4 exd4 4. Nxd4 Nf6 5. Nxc6 bxc6 6. e5 Qe7 7. Qe2 Nd5 8. c4 Nb6 9. Nc3 Qe6 10. Qe4 Bb4 11. Bd3 Ba6 12. O-O Bxc3 13. bxc3 Bxc4 14. Rd1 Bxd3 15. Rxd3 f5 16. Qh4 O-O 17. f4 d6 18. Ba3 Nc4 19. Bc1 d5 20. Be3 Rfb8 21. Bd4 Rb2 22. Rg3 Rab8 23. h3 Nd2 24. Kh2 h6 25. Qh5 Kh7 26. Re1 Rb1 27. Qe2 Ne4 28. Rd3 R1b2 29. Qf3 Rxa2 30. Bg1 Rbb2 31. Rdd1 Qg6 0-1


[Site "https://www.chess.com"]

[Event "Titled Tuesday Blitz November 29 Late 2022"]
[White "Bortnyk, Olexandr"]
[Black "Postnikov, Daniil"]
[WhiteFideId "14120828"]
[BlackFideId "4166329"]
[WhiteElo "3054"]
[BlackElo "2667"]
[Result "1-0"]
[Round "02"]
[TimeControl "180+1"]
[Date "2022.11.30"]
[WhiteClock "0:00:05"]
[BlackClock "0:00:03"]

1. e4 e6 2. d4 d5 3. Nc3 Nf6 4. Qd3 Nc6 5. e5 Nd7 6. a3 f6 7. f4 fxe5 8. dxe5 Nc5 9. Qg3 d4 10. Nd1 Qd5 11. Bd3 Bd7 12. Nf3 O-O-O 13. O-O Be7 14. Qxg7 Rdg8 15. Qh6 Nxd3 16. cxd3 Be8 17. Ng5 Bg6 18. Nf2 Bf5 19. Nge4 Rg6 20. Qh5 Rhg8 21. g3 Bf8 22. Bd2 Rh6 23. Qe8+ Nd8 24. Nf6 Rxf6 25. exf6 h5 26. Qxh5 Bd6 27. Rfe1 Kb8 28. Bb4 c5 29. Bd2 Rf8 30. g4 Rxf6 31. gxf5 Rxf5 32. Qg4 Kc7 33. Qg2 Qb3 34. Rac1 Rf8 35. Ne4 e5 36. Nxc5 Bxc5 37. Rxc5+ Nc6 38. Rxc6+ bxc6 39. Qg7+ Rf7 40. Qxe5+ Kb7 41. Qxd4 Qxd3 42. Qxd3 Rg7+ 43. Kf1 1-0


[Site "https://www.chess.com"]

[Event "Titled Tuesday Blitz November 29 Late 2022"]
[White "Boruchovsky, Avital"]
[Black "Khater, Sherif"]
[WhiteFideId "2800055"]
[BlackFideId "2034280"]
[WhiteElo "2458"]
[BlackElo "2526"]
[Result "1-0"]
[Round "02"]
[TimeControl "180+1"]
[Date "2022.11.30"]
[WhiteClock "0:00:53"]
[BlackClock "0:00:49"]

1. g3 d5 2. Nf3 Nf6 3. Bg2 g6 4. O-O Bg7 5. d3 O-O 6. Nbd2 b6 7. e4 dxe4 8. dxe4 Bb7 9. e5 Nd5 10. Re1 e6 11. Ne4 h6 12. a3 a5 13. c4 Ne7 14. Qc2 Nbc6 15. Bf4 Nf5 16. Rad1 Qe7 17. h4 Rad8 18. Qc1 Kh7 19. Nf6+ Bxf6 20. exf6 Qxf6 21. Bxc7 Rxd1 22. Rxd1 Ncd4 23. Nxd4 Nxd4 24. Qe3 Bxg2 25. Qxd4 Qf3 26. Rd3 Qb7 27. Qxb6 Rc8 28. Qxb7 Bxb7 29. Rd7 Kg8 30. Bxa5 Rxc4 31. Rxb7 1-0


[Site "https://www.chess.com"]

[Event "Titled Tuesday Blitz November 29 Late 2022"]
[White "Boyer, Mahel"]
[Black "Caruana, Fabiano"]
[WhiteFideId "45102422"]
[BlackFideId "2020009"]
[WhiteElo "2669"]
[BlackElo "3064"]
[Result "1-0"]
[Round "02"]
[TimeControl "180+1"]
[Date "2022.11.30"]
[WhiteClock "0:00:05"]
[BlackClock "0:00:14"]

1. e4 c5 2. d3 Nc6 3. g3 g6 4. Bg2 Bg7 5. f4 Nf6 6. Nf3 d5 7. Qe2 O-O 8. O-O b5 9. exd5 Nxd5 10. c4 bxc4 11. dxc4 Nb6 12. Rd1 Qc7 13. Nc3 Bg4 14. Nb5 Qc8 15. Be3 a6 16. Nc3 Nd4 17. Qf1 Nc2 18. Bf2 Nxa1 19. Rxa1 Rb8 20. Rc1 Rd8 21. b3 Bxf3 22. Bxf3 Bd4 23. Ne4 Nd7 24. Bxd4 cxd4 25. c5 Nf6 26. Nxf6+ exf6 27. Qd3 Qc7 28. Qxa6 d3 29. Qc4 d2 30. Rd1 Qe7 31. Kf2 Re8 32. Qc3 Rbd8 33. b4 Qe6 34. b5 Qh3 35. Rxd2 Qxh2+ 36. Bg2 h5 37. Rxd8 Rxd8 38. c6 h4 39. c7 hxg3+ 40. Kf3 Rc8 41. Qd4 Kg7 42. Qd8 Qg1 43. Kxg3 Qe3+ 44. Bf3 Qg1+ 45. Kh3 Qe3 46. Kg3 Qe1+ 47. Kh3 Qe6+ 48. Kg3 g5 49. b6 gxf4+ 50. Kg2 Qxa2+ 51. Kf1 Qa6+ 52. Be2 Qb7 53. Qd4 Qh1+ 54. Qg1+ Qxg1+ 55. Kxg1 f5 56. Ba6 Ra8 57. c8=Q Rxc8 58. Bxc8 1-0


[Site "https://www.chess.com"]

[Event "Titled Tuesday Blitz November 29 Late 2022"]
[White "Brown, Andrew"]
[Black "Fernandez Guillen, Ernesto J."]
[WhiteFideId "3206513"]
[BlackFideId "3512428"]
[WhiteElo "2245"]
[BlackElo "2450"]
[Result "0-1"]
[Round "02"]
[TimeControl "180+1"]
[Date "2022.11.30"]
[WhiteClock "0:00:03"]
[BlackClock "0:00:02"]

1. d4 Nf6 2. c4 e6 3. Nc3 b6 4. g3 Bb7 5. Nf3 Bb4 6. Bg2 O-O 7. O-O Bxc3 8. bxc3 d6 9. a4 Nbd7 10. a5 Qe7 11. a6 Be4 12. Re1 e5 13. Bh3 Bg6 14. Nh4 h6 15. Nxg6 fxg6 16. e4 Kh7 17. Bg2 Rae8 18. f3 c5 19. Be3 g5 20. Qd3 Kh8 21. Red1 Rd8 22. Ra2 g4 23. f4 exf4 24. Bxf4 Nh5 25. Bc1 Qf7 26. Rf1 Qg6 27. Raf2 Rxf2 28. Rxf2 Nhf6 29. Bf4 Nf8 30. Bf1 Ne6 31. Bg2 cxd4 32. cxd4 Qe8 33. Bd2 Qa4 34. h4 gxh3 35. Bxh3 Qd1+ 36. Kg2 Ng5 37. Bf5 Ng4 38. Qe2 Qxe2 39. Rxe2 Nf6 40. Bxg5 hxg5 41. Kf3 Kg8 42. Be6+ Kf8 43. d5 Ke7 44. e5 dxe5 45. Rxe5 g4+ 46. Ke3 Kd6 47. Rg5 Kc5 48. Rxg7 Kxc4 49. Rxa7 Kb5 50. Rf7 Nxd5+ 51. Bxd5 Rxd5 52. a7 Rd8 53. Kf4 Rg8 54. Rb7 Ra8 55. Kxg4 Kc6 56. Rg7 b5 57. Kf3 b4 58. Ke3 Kb5 59. Kd3 Ka4 60. g4 Ka3 61. Kc2 b3+ 62. Kb1 Rd8 63. Rc7 Ra8 64. g5 Rh8 65. g6 Rh1+ 66. Rc1 Rh8 67. g7 Rg8 68. Rc7 Ra8 69. Rb7 Re8 70. Rb8 Re1# 0-1


[Site "https://www.chess.com"]

[Event "Titled Tuesday Blitz November 29 Late 2022"]
[White "Burke, Paul"]
[Black "Sarkar, Justin"]
[WhiteFideId "2605767"]
[BlackFideId "2010011"]
[WhiteElo "1909"]
[BlackElo "2239"]
[Result "0-1"]
[Round "02"]
[TimeControl "180+1"]
[Date "2022.11.30"]
[WhiteClock "0:00:42"]
[BlackClock "0:00:08"]

1. e4 c5 2. d4 cxd4 3. c3 dxc3 4. Nxc3 Nc6 5. Nf3 e6 6. Bf4 a6 7. Bd3 Bb4 8. Qe2 Nge7 9. Rd1 Ng6 10. Bg3 O-O 11. e5 f5 12. exf6 Qxf6 13. h4 d5 14. h5 Nf4 15. Bxf4 Qxf4 16. Rh4 Qf6 17. Bb1 e5 18. Rxb4 Nxb4 19. Nxd5 Nxd5 20. Rxd5 Bg4 21. Rxe5 Bxf3 22. gxf3 Qxe5 23. Qxe5 Rae8 24. Qxe8 Rxe8+ 25. Be4 Re5 26. Kd2 b6 27. Bb7 a5 28. Be4 Rxh5 29. Ke3 Rb5 30. b3 h5 31. Bd3 Re5+ 32. Kf4 Re1 33. Bc4+ Kf8 34. a4 Rg1 35. Be6 h4 36. Bf5 Ke7 37. Bg4 Kf6 38. Bd7 g5+ 39. Ke3 Re1+ 40. Kd2 Rh1 41. Ke3 h3 42. Bxh3 Rxh3 43. Ke4 Ke6 44. Ke3 Ke5 45. Ke2 Kd4 46. Kd2 Rxf3 47. Ke2 g4 0-1


[Site "https://www.chess.com"]

[Event "Titled Tuesday Blitz November 29 Late 2022"]
[White "Carlsen, Magnus"]
[Black "Nasuta, Grzegorz"]
[WhiteFideId "1503014"]
[BlackFideId "1141686"]
[WhiteElo "3230"]
[BlackElo "2697"]
[Result "1-0"]
[Round "02"]
[TimeControl "180+1"]
[Date "2022.11.30"]
[WhiteClock "0:01:15"]
[BlackClock "0:00:05"]

1. e4 c5 2. Nf3 d6 3. d4 cxd4 4. Nxd4 Nf6 5. Nc3 a6 6. Rg1 e5 7. Nb3 Be6 8. g4 d5 9. exd5 Nxd5 10. Nxd5 Qxd5 11. Qxd5 Bxd5 12. Be3 Nc6 13. O-O-O O-O-O 14. Bb6 Rd7 15. Nc5 Bxc5 16. Bxc5 Rhd8 17. Bb6 Bf3 18. Rd3 e4 19. Rxd7 Rxd7 20. Bh3 g5 21. b3 Ne5 22. Re1 h6 23. Ba5 Ng6 24. Bf1 Nf4 25. h3 f6 26. Bb6 Ng2 27. Bxg2 Bxg2 28. Re3 Bf3 29. Rc3+ Kb8 30. Kb2 h5 31. gxh5 Bxh5 32. h4 gxh4 33. Rh3 Rd5 34. Rxh4 Kc8 35. Rxe4 Kd7 36. Rf4 Ke6 37. Be3 f5 38. a4 Bg4 39. Kc3 Bd1 40. Rb4 b5 41. Rh4 Rd6 42. Kb2 Rc6 43. c3 Kd5 44. Rd4+ Ke6 45. Rxd1 1-0


[Site "https://www.chess.com"]

[Event "Titled Tuesday Blitz November 29 Late 2022"]
[White "Chigaev, Maksim"]
[Black "Risteski, Emil"]
[WhiteFideId "4108116"]
[BlackFideId "15005267"]
[WhiteElo "2996"]
[BlackElo "2637"]
[Result "1-0"]
[Round "02"]
[TimeControl "180+1"]
[Date "2022.11.30"]
[WhiteClock "0:00:04"]
[BlackClock "0:00:01"]

1. e4 c5 2. Nf3 Nc6 3. Bb5 Nf6 4. Nc3 g6 5. O-O Bg7 6. Bxc6 dxc6 7. h3 O-O 8. d3 Ne8 9. Be3 b6 10. Qd2 e5 11. Bh6 f6 12. Nh2 g5 13. Bxg7 Nxg7 14. b3 Ne6 15. Ng4 Nf4 16. Kh2 h5 17. Ne3 Be6 18. Ne2 Qd7 19. Qd1 h4 20. f3 Rf7 21. Ng4 Bxg4 22. fxg4 Rd8 23. Qe1 b5 24. Rd1 Qe6 25. Ng1 Rfd7 26. Ne2 c4 27. bxc4 bxc4 28. Nxf4 exf4 29. Rf3 Qe5 30. Qb4 cxd3 31. cxd3 c5 32. Qc4+ Kg7 33. Rb1 Rd4 34. Rb7+ R8d7 35. Qb5 Rxb7 36. Qxb7+ Kg6 37. Qxa7 c4 38. dxc4 Rxe4 39. Qa8 Re3 40. Qg8+ Kh6 41. Qf8+ Kg6 42. Qa8 Rc3 43. Qd5 1-0


[Site "https://www.chess.com"]

[Event "Titled Tuesday Blitz November 29 Late 2022"]
[White "Corrales Jimenez, Fidel"]
[Black "O`Gorman, Tom"]
[WhiteFideId "3506690"]
[BlackFideId "2508249"]
[WhiteElo "2541"]
[BlackElo "2271"]
[Result "1-0"]
[Round "02"]
[TimeControl "180+1"]
[Date "2022.11.30"]
[WhiteClock "0:00:09"]
[BlackClock "0:00:17"]

1. e4 c5 2. Nf3 d6 3. d4 cxd4 4. Nxd4 Nf6 5. Nc3 a6 6. Bc4 e6 7. f3 Be7 8. Be3 O-O 9. Qd2 b5 10. Bb3 Bd7 11. a3 Nc6 12. g4 Nxd4 13. Bxd4 a5 14. g5 Nh5 15. Rg1 b4 16. axb4 axb4 17. Na2 e5 18. Be3 Nf4 19. Bxf4 exf4 20. h4 Qb6 21. Qf2 Qc7 22. Rd1 d5 23. Rxd5 Be6 24. Qd2 Bc5 25. Rg2 Bxd5 26. Bxd5 Rfd8 27. Bxa8 Rxd2 28. Rxd2 g6 29. Kd1 Be3 30. Rd3 b3 31. Nc3 Qa5 32. cxb3 Qxa8 33. Kc2 Qa1 34. b4 Qf1 35. Nd5 Qe2+ 36. Kc3 Bc1 37. Kc4 Bxb2 38. Nxf4 Qc2+ 39. Kb5 Kg7 40. Rd7 Be5 41. Ne6+ Kg8 42. Rd8# 1-0


[Site "https://www.chess.com"]

[Event "Titled Tuesday Blitz November 29 Late 2022"]
[White "Cruz Gomez, Miguel Angel"]
[Black "Bas Mas, Jose Joaquin"]
[WhiteFideId "5137160"]
[BlackFideId "22219064"]
[WhiteElo "2126"]
[BlackElo "2233"]
[Result "0-1"]
[Round "02"]
[TimeControl "180+1"]
[Date "2022.11.30"]
[WhiteClock "0:00:27"]
[BlackClock "0:00:13"]

1. Nf3 b6 2. d4 Bb7 3. Bf4 g6 4. Nc3 Nf6 5. Qd2 d6 6. O-O-O Nbd7 7. e3 Bg7 8. h4 h5 9. Ng5 a6 10. Bc4 O-O 11. Qd3 b5 12. Bb3 e6 13. Bxe6 fxe6 14. Nxe6 Qe7 15. Nxf8 Nxf8 16. f3 b4 17. Ne2 a5 18. Kb1 Ba6 19. Qd2 Ne6 20. Bg5 Nxg5 21. hxg5 Nd5 22. e4 Nb6 23. Nc1 Nc4 24. Qf2 c5 25. dxc5 dxc5 26. Nd3 Bd4 27. Qh4 Ne3 28. Nf4 Qf7 29. Rde1 Nxc2 30. Kxc2 Qxa2 31. Nxg6 Qxb2+ 32. Kd1 Qb1+ 33. Kd2 Qd3+ 34. Kc1 Be3+ 35. Rxe3 Qxe3+ 36. Kb1 Bd3+ 37. Ka1 Qd4+ 38. Ka2 b3+ 39. Kxb3 Rb8+ 0-1


[Site "https://www.chess.com"]

[Event "Titled Tuesday Blitz November 29 Late 2022"]
[White "Czopor, Maciej"]
[Black "Hansen, Eric"]
[WhiteFideId "21805431"]
[BlackFideId "2606771"]
[WhiteElo "2324"]
[BlackElo "2568"]
[Result "1-0"]
[Round "02"]
[TimeControl "180+1"]
[Date "2022.11.30"]
[WhiteClock "0:00:04"]
[BlackClock "0:00:02"]

1. c4 e5 2. Nc3 Bb4 3. Qc2 Nc6 4. e3 Nf6 5. a3 Bxc3 6. Qxc3 O-O 7. d3 d5 8. cxd5 Nxd5 9. Qc2 Re8 10. Nf3 a5 11. Be2 a4 12. O-O Nb6 13. Bd2 Be6 14. Rac1 Bb3 15. Qb1 Qd6 16. Bc3 Rad8 17. Nd2 Bd5 18. Rfd1 Qg6 19. Bf1 h5 20. Qc2 h4 21. h3 Rd6 22. Ne4 Bb3 23. Qb1 Rd5 24. Re1 Red8 25. Nd2 Rb5 26. Nxb3 Rxb3 27. Qc2 Nd5 28. Bd2 Nf6 29. Qc4 Ra8 30. Rc2 e4 31. d4 Ne7 32. Qxc7 Rc8 33. Qxc8+ Nxc8 34. Rxc8+ Kh7 35. Bc3 b5 36. Rc5 Nd7 37. Rxb5 Nb6 38. Rxb3 axb3 39. Bb5 Qf5 40. a4 Nd5 41. Bd2 g5 42. Be2 Nf6 43. a5 g4 44. hxg4 Nxg4 45. Bxg4 Qxg4 46. Kh2 Qf5 47. Rf1 Qb5 48. Ra1 Qa6 49. Kh3 Kg6 50. Kxh4 Kf5 51. Kh3 Ke6 52. g3 Kd5 53. Kg2 Kc6 54. Bc3 Kb7 55. Rh1 Qe2 56. Rh4 Qf3+ 57. Kg1 Qd1+ 58. Kg2 Qf3+ 59. Kg1 Qd1+ 60. Kg2 Qc2 61. Rf4 Qxc3 62. bxc3 b2 63. Rxf7+ Ka6 64. Rf6+ Kxa5 65. Rf8 Ka4 66. Ra8+ Kb3 67. Rb8+ Kxc3 68. Rxb2 1-0


[Site "https://www.chess.com"]